cohdb
Replays
Latest Replays
All Replays
Popular Replays
Top Player Replays
Match Explorer
How It Works
Community
CoH3 Stats
Reddit
Sign in to upload your games and track your stats! →
Sign in with Steam
Match 45898439
Unlisted
Match 45898439
Overview
Messages
Build Orders
End
Construct Barracks
Engineer Squad
Riflemen Squad
Riflemen Squad
Riflemen Squad
Riflemen Squad
Construct Medical Station
Infantry Support Center
Grenade Package
M1 Mortar Team
M1918 Browning Automatic Rifles
Selects Special Operations Battlegroup
Survival Training
Selects Raiding Flares
Selects SSF Commando Squad
SSF Commando Squad
Selects M29 Weasel with M1 Pack Howitzer
Construct Tank Depot
Herr Blautier
TBoR
EPHX_Valkyrion
ElConQueefTordor
upomoc
Mikie
0
0
Comments
sign in to comment!
No comments posted yet!